 Dungeon Crawl Stone Soup version 0.27-a0-1590-g15f69828bf (webtiles) character file.

Game seed: 12294268752384299710

13 Sabo the Poker (level 2, -5/23 HPs)
             Began as a Merfolk Gladiator on July 18, 2021.
             Slain by a gnoll (6 damage)
             ... on level 1 of the Dungeon.
             The game lasted 00:01:32 (456 turns).

Sabo the Poker (Merfolk Gladiator)                   Turns: 456, Time: 00:01:32

Health: -5/23      AC:  4    Str: 14    XL:     2   Next: 37%
Magic:  2/2        EV: 13    Int:  7    God:
Gold:   5          SH:  0    Dex: 15    Spells: 1/1 levels left

rFire    . . .     SeeInvis .   a - +0 trident
rCold    . . .     Faith    .   (no shield)
rNeg     . . .     Spirit   .   b - +0 leather armour
rPois    .         Reflect  .   c - +0 helmet
rElec    .         Harm     .   (no cloak)
rCorr    .         Rampage  .   (no gloves)
Will     .....                  (no boots)
Stlth    +.........             (no amulet)
HPRegen  0.07/turn              (no ring)
MPRegen  0.08/turn              (no ring)

@: no status effects
A: (nimble swimmer 2), mertail
a: no special abilities


You were on level 1 of the Dungeon.
You visited 1 branch of the dungeon, and saw 1 of its levels.

You collected 5 gold pieces.

Inventory:

Hand Weapons
 a - a +0 trident (weapon)
Missiles
 d - 3 throwing nets (quivered)
Armour
 b - a +0 leather armour (worn)
 c - a +0 helmet (worn)
Scrolls
 e - a scroll of noise {unknown}
 f - a scroll of identify {unknown}


   Skills:
 + Level 2.3 Fighting
 + Level 4.7 Polearms
 + Level 2.1 Throwing
 + Level 4.3 Dodging


You had one spell level left.
You didn't know any spells.
Your spell library was empty.

Dungeon Overview and Level Annotations

Branches:
Dungeon (1/15)

Altars:


Innate Abilities, Weirdness & Mutations

((You are quick and stealthy near water. (Stealth+, EV+, Speed+++)))
Your lower body shifts to a powerful aquatic tail in water.


Message History

You see here a rat corpse.
Found a spear and a scroll labelled MIAM KOYLOIKK.
A bat comes into view.
The bat barely misses you.
You hit the bat.
You kill the bat!
Found a scroll labelled ESU YCEODE.
e - a scroll labelled MIAM KOYLOIKK
Found 18 stones.
f - a scroll labelled ESU YCEODE A frilled lizard, a bat, a rat and a gnoll come into view.
Found a scroll labelled TAALIH EGIPSINWI.
The gnoll shouts!
A giant cockroach comes into view.
The rat moves out of view.
The bat misses you.
You closely miss the bat. The bat closely misses you.
The gnoll barely misses you.
You closely miss the bat. The bat misses you. The gnoll misses you.
Found a stone staircase leading down.
The frilled lizard hisses angrily.
The rat misses you. The gnoll hits you with a +0 spear.
You hit the gnoll.
The gnoll is moderately wounded.
The rat bites you but does no damage. The gnoll hits you with a +0 spear.
The gnoll hits you from afar with a +0 spear.
You hit the rat.
You kill the rat!
The bat misses you.
The gnoll hits you from afar with a +0 spear.
You miss the bat. The bat hits you but does no damage.
The bat closely misses you.
The gnoll hits you from afar with a +0 spear.
The bat barely misses you.
You hit the bat but do no damage. The bat hits you.
* * * LOW HITPOINT WARNING * * *
The gnoll hits you from afar with a +0 spear.
* * * LOW HITPOINT WARNING * * *
The bat completely misses you. The gnoll hits you with a +0 spear.
You die...

#..######
.........#######
... #.......###
.##..###.##..#.#.#
......g@b##..#.#(#
.....#l#####.#...#
... ..B #.#.#.# #
#.... ###.....#
#.... #.#.#.###
...... #.#....##
.?.....
#.#.....######
....>#.
#P#..........#
#.#...).####.#


You could see a gnoll, a giant cockroach, a bat and a frilled lizard.

Vanquished Creatures
  A bat (D:1)
  An endoplasm (D:1)
  A goblin (D:1)
  3 jackals (D:1)
  2 quokkas (D:1)
  A ball python (D:1)
  2 rats (D:1)
11 creatures vanquished.

Notes
Turn   | Place    | Note
-------+----------+-------------------------------------------
     0 | D:1      | Sabo the Merfolk Gladiator began the quest for the Orb.
     0 | D:1      | Reached XP level 1. HP: 16/16 MP: 1/1
   159 | D:1      | Reached XP level 2. HP: 16/22 MP: 2/2
   455 | D:1      | HP: 1/23 [gnoll (5)]
   456 | D:1      | Slain by a gnoll

Illustrated notes

Levels and vault maps discovered:
D:1:      scummos_arrival_star, layout_basic, serial_aquarium,
          aquarium_bridge_square [aquarium_subvault_bridge,
          aquarium_subvault_wall, aquarium_subvault_window,
          aquarium_subvault_bridge], aquarium_window_corner, aquarium_window_3,
          aquarium_window_1, aquarium_window_2, aquarium_view_4,
          aquarium_balcony_1b, hex_tiny, minmay_door_square,
          kennysheep_another_room

Action                   || total
-------------------------++-------
Melee: Trident           ||    29
Armor: Leather armour    ||     9
Dodge: Dodged            ||    36

Table legend: (Time is in decaauts)
 A = Elapsed time spent in this place.
 B = Non-inter-level travel time spent in this place.
 C = Inter-level travel time spent in this place.
 D = Time resting spent in this place.
 E = Time spent auto-exploring this place.
 F = Levels seen in this place.
 G = Mean time per level.
                   A        B        C        D        E       F      G
               +--------+--------+--------+--------+--------+-----+--------+
         Total |    458 |    458 |      0 |    119 |      0 |   1 |  458.0 |
       Dungeon |    458 |    458 |      0 |    119 |      0 |   1 |  458.0 |
               +--------+--------+--------+--------+--------+-----+--------+

Top non-repeatable levels by time:
     D:1: 458 daAuts
